 Dungeon Crawl Stone Soup version 0.28.0 (webtiles) character file.

Game seed: 8472862432236537422

830 AmazingTV the Skirmisher (level 7, -1/61 HPs)
             Began as a Minotaur Fighter on July 3, 2022.
             Was an Initiate of Okawaru.
             Slain by a sky beast (3 damage)
             ... on level 5 of the Dungeon.
             The game lasted 00:11:46 (5127 turns).

AmazingTV the Skirmisher (Minotaur Fighter)         Turns: 5127, Time: 00:11:47

Health: -1/61      AC:  7    Str: 22    XL:     7   Next: 65%
Magic:  0/8        EV:  9    Int:  5    God:    Okawaru [......]
Gold:   141        SH:  5    Dex: 10    Spells: 6/6 levels left

rFire   + . .      SeeInvis .   a - +0 flail {mace}
rCold   . . .      Faith    .   c - +0 buckler
rNeg    . . .      Spirit   +   b - +0 scale mail
rPois   .          Reflect  .   (helmet restricted)
rElec   .          Harm     .   (no cloak)
rCorr   .          Rampage  .   (no gloves)
Will    .....                   (no boots)
Stlth   ..........              B - amulet of guardian spirit
HPRegen 0.20/turn               y - ring of protection from fire
MPRegen 0.11/turn               (no ring)

@: mighty
A: horns 2, retaliatory headbutt
a: Renounce Religion


You were on level 5 of the Dungeon.
You worshipped Okawaru.
Okawaru was noncommittal.
You visited 2 branches of the dungeon, and saw 6 of its levels.

You collected 141 gold pieces.


Innate Abilities, Weirdness & Mutations

You have a pair of horns on your head.
You reflexively headbutt those who attack you in melee.


   Skills:
 + Level 5.2 Fighting
 + Level 3.8(4.9) Axes
 + Level 4.6(5.3) Maces & Flails
 + Level 3.2 Crossbows
 + Level 5.2 Armour
 + Level 5.2 Shields
 + Level 3.0 Invocations


You had 6 spell levels left.
You didn't know any spells.
Your spell library contained the following spells:

 Spells                   Type           Power      Damage    Failure   Level
 Freeze                   Ice            0%         1d3       86%         1
 Slow                     Hex            0%         N/A       86%         1
 Confusing Touch          Hex            0%         N/A       99%         3
 Frozen Ramparts          Ice            0%         1d2       99%         3
 Vampiric Draining        Necr           0%         2d6       99%         3
 Hailstorm                Conj/Ice       0%         3d3       100%        4

Inventory:

Hand Weapons
 a - a +0 flail (weapon) {mace}
 r - a +2 dagger of pain {short}
   (You took it off a goblin on level 3 of the Dungeon)
Missiles
 g - 57 stones
 i - 77 arrows
 v - 37 bolts
 A - 45 sling bullets
 C - 6 boomerangs
 D - 3 poisoned darts
Armour
 b - a +0 scale mail (worn)
 c - a +0 buckler (worn)
Jewellery
 y - a ring of protection from fire (left hand)
   (You found it on level 4 of the Dungeon)
 B - an amulet of guardian spirit (around neck)
   (You found it on level 5 of the Dungeon)
Wands
 q - a wand of flame (19) (quivered)
   (You took it off Natasha on level 2 of the Dungeon)
Scrolls
 f - a scroll of fear {unknown}
 h - 2 scrolls of immolation {unknown}
 k - 2 scrolls of teleportation {unknown}
 m - 3 scrolls of fog {unknown}
 o - a scroll of enchant armour {unknown}
 p - 2 scrolls of enchant weapon {unknown}
 s - a scroll of vulnerability {unknown}
 u - a scroll of identify {unknown}
 w - a scroll of blinking {unknown}
 x - a scroll of amnesia {unknown}
Potions
 d - a potion of might
 e - a potion of heal wounds {unknown}
 j - 3 potions of berserk rage {unknown}
 l - a potion of magic {unknown}
 n - a potion of haste {unknown}
 t - 2 potions of brilliance {unknown}
 z - 2 potions of degeneration {unknown}

Dungeon Overview and Level Annotations

Branches:
Dungeon (5/15)             Temple (1/1) D:4

Altars:
Ashenzari
Cheibriados
Fedhas
Gozag
Hepliaklqana
Kikubaaqudgha
Makhleb
Nemelex Xobeh
Okawaru
Qazlal
Ru
Sif Muna
Uskayaw
Vehumet
Wu Jian
Xom
Yredelemnul
The Shining One

Shops:
D:2 [

Annotations:
D:4 Eustachio

.....#...### #.#.##............#
....[.#....####.#.##......#.#.###
.....................#.#....#.###
........####..#.##........###....
................≈.............##.
..........#...#####.##.##.#####..
.......#....### #....#..###...#
......>#.#..########..##.#.......
.....#.......†.{@.....##.........
########......####..)............
#......###................
#...........###...#.......
#......#..######........<.
#........## #.............
#......######.##....^.....
#......####.......########
#.........#....##.#


There were no monsters in sight!


Message History

😨 HP[-10] MP[-1]
You take 10 damage, and now have 19/61 hp.
You lost 1 mp, and now have 5/8 mp.
You feel sick. 😨 HP[-2]
You take 2 damage, and now have 17/61 hp.
You feel sick. 😨 HP[-1] MP[+1]
You take 1 damage, and now have 16/61 hp.
You feel sick.
You feel sick. 😱 HP[-1]
You take 1 damage, and now have 15/61 hp.
You feel sick. 😱 HP[-1]
You take 1 damage, and now have 14/61 hp.
You feel sick. 😱 HP[-1]
You take 1 damage, and now have 13/61 hp.
You feel sick.
You are no longer poisoned. 😱 HP[-1]
You take 1 damage, and now have 12/61 hp.
You see here a hound corpse. 😱 HP[+1]
There is a sacrificial altar of Ru, spattered with blood here. 😱 MP[+1] 😱 HP[+1] 😱 HP[+1] 😱 MP[+1]
Your mp is fully restored (8). 😨 HP[+1] 😨 HP[+1] 😨 HP[+1] 😨 HP[+1] 😨 HP[+1]
The sky beast hits you but does no damage.
The sky beast flickers out of sight!
Deactivating autopickup; reactivate with Ctrl-A. 😨 HP[+1]
A sky beast appears from thin air!
Reactivating autopickup. 😨 HP[+1]
The sky beast flickers out of sight!
Deactivating autopickup; reactivate with Ctrl-A.
You block the scorpion's attack. 😨 HP[+1]
You hit the scorpion but do no damage. You headbutt the scorpion.
The scorpion closely misses you. The scorpion barely misses you.
You sock the scorpion!
You kill the scorpion!
Okawaru accepts your kill. Something completely misses you.
Your Invocations skill increases to level 3! 😨 HP[+1]
A sky beast appears from thin air!
Reactivating autopickup.
You miss the sky beast.
You headbutt the sky beast, but do no damage.
The sky beast hits you.
* * * LOW HITPOINT WARNING * * *
The sky beast shocks you.
* * * LOW HITPOINT WARNING * * *
😨 HP[-4] MP[-2]
You take 4 damage, and now have 20/61 hp.
You lost 2 mp, and now have 6/8 mp.
You completely miss the sky beast.
The sky beast barely misses you. 😨 HP[+1]
You thump the sky beast!
You headbutt the sky beast, but do no damage.
The sky beast hits you but does no damage.
The sky beast hits you.
* * * LOW HITPOINT WARNING * * *
The sky beast shocks you.
* * * LOW HITPOINT WARNING * * *
😱 HP[-7] MP[-1]
You take 7 damage, and now have 14/61 hp.
You lost 1 mp, and now have 5/8 mp.
You closely miss the sky beast. The sky beast hits you.
* * * LOW HITPOINT WARNING * * *
The sky beast shocks you.
* * * LOW HITPOINT WARNING * * *
😱 HP[-6] MP[-1]
You take 6 damage, and now have 8/61 hp.
You lost 1 mp, and now have 4/8 mp.
You feel very mighty all of a sudden.
The sky beast flickers out of sight!
Deactivating autopickup; reactivate with Ctrl-A.
Something hits you but does no damage.
You barely miss something. Something hits you.
* * * LOW HITPOINT WARNING * * *
Something shocks you.
* * * LOW HITPOINT WARNING * * *
😱 HP[-4] MP[-2]
You take 4 damage, and now have 4/61 hp.
You lost 2 mp, and now have 2/8 mp.
You miss something. Something hits you.
* * * LOW HITPOINT WARNING * * *
Something shocks you.
You die...

Skill      XL: |  1  2  3  4  5  6  7 |
---------------+----------------------+-----
Axes           | 1 2 3 |  3.8
Crossbows      | 1 2 3 |  3.2
Invocations    | 1 2 3 |  3.0
Fighting       | 4 5 |  5.2
Armour         | 4 5 |  5.2
Shields        | 4 5 |  5.2
Maces & Flails | 3 4 |  4.6

Action                   |  1- 3 |  4- 6 |  7- 9 || total
-------------------------+-------+-------+-------++-------
Melee: Flail             |    89 |   159 |    38 ||   286
       Headbutt          |    10 |    22 |     7 ||    39
  Use: Potion            |       |       |     1 ||     1
Armor: Scale mail        |    35 |    94 |    19 ||   148
Dodge: Dodged            |    41 |    86 |    19 ||   146
Block: Buckler           |    19 |    43 |    10 ||    72

Levels and vault maps discovered:
D:1:      giann_bridges, layout_loops_ring,
          shapermc_ecumenical_altar_totnotflames
D:2:      layout_basic, serial_shops, nicolae_shop_statue_plus, basic_altar,
          uniq_natasha
D:3:      wander_river, layout_basic, lemuel_zombie_altar_yredelemnul
D:4:      layout_basic, temple_fountains, uniq_eustachio
D:5:      layout_rooms, nicolae_ru_sacrificial_ziggurat
Temple:   eino_temple_scatter_basement

Notes
Turn   | Place    | Note
-------+----------+-------------------------------------------
     0 | D:1      | AmazingTV the Minotaur Fighter began the quest for the Orb.
     0 | D:1      | Reached XP level 1. HP: 19/19 MP: 0/0
     0 | D:1      | magus.rc [v1.9.6]
   184 | D:1      | Reached XP level 2. HP: 27/27 MP: 1/1
   358 | D:1      | Reached skill level 1 in Axes
   515 | D:1      | Reached XP level 3. HP: 33/33 MP: 2/2
   575 | D:1      | Reached skill level 1 in Crossbows
   618 | D:1      | Reached skill level 1 in Invocations
   706 | D:1      | Found a faded altar of an unknown god.
   828 | D:2      | Found a glowing golden altar of the Shining One.
  1085 | D:2      | Noticed Natasha
  1093 | D:2      | Killed Natasha
  1094 | D:2      | Reached skill level 4 in Fighting
  1094 | D:2      | Reached skill level 4 in Armour
  1094 | D:2      | Reached skill level 4 in Shields
  1094 | D:2      | Reached XP level 4. HP: 31/40 MP: 3/3
  1351 | D:2      | Reached skill level 3 in Maces & Flails
  1378 | D:2      | Noticed Natasha
  1386 | D:2      | Killed Natasha
  1393 | D:2      | Noticed Natasha
  1401 | D:2      | Killed Natasha
  1402 | D:2      | Reached skill level 2 in Axes
  1402 | D:2      | Reached XP level 5. HP: 13/46 MP: 5/5
  1640 | D:2      | Found Polilof Sudi's Armour Shoppe.
  2251 | D:3      | Reached skill level 2 in Crossbows
  2475 | D:3      | Reached skill level 2 in Invocations
  2522 | D:3      | Found a basalt altar of Yredelemnul.
  2682 | D:3      | Reached XP level 6. HP: 48/53 MP: 6/6
  3124 | D:4      | Reached skill level 3 in Axes
  3232 | D:4      | Reached skill level 4 in Maces & Flails
  3345 | D:4      | Noticed Eustachio
  3538 | D:4      | Found a staircase to the Ecumenical Temple.
  3548 | Temple   | Entered the Ecumenical Temple
  3708 | Temple   | Became a worshipper of Warmaster Okawaru
  3746 | D:4      | HP: 12/53 [ogre (18)]
  4086 | D:4      | HP: 13/53 [poisoned by a scorpion]
  4493 | D:3      | Reached XP level 7. HP: 36/60 MP: 7/7
  4709 | D:5      | Entered Level 5 of the Dungeon
  4767 | D:5      | Reached skill level 5 in Fighting
  4767 | D:5      | Reached skill level 5 in Armour
  4838 | D:5      | You pick up a book of Debilitation and begin reading...
  4838 | D:5      | You add the spells Slow, Vampiric Draining and Confusing
                  | Touch to your library.
  4858 | D:5      | Reached skill level 3 in Crossbows
  4858 | D:5      | Reached skill level 5 in Shields
  4978 | D:5      | You pick up a book of Frost and begin reading...
  4978 | D:5      | You add the spells Freeze, Frozen Ramparts and Hailstorm to
                  | your library.
  5006 | D:5      | Found a sacrificial altar of Ru.
  5059 | D:5      | HP: 15/61 [poisoned by a scorpion]
  5119 | D:5      | Reached skill level 3 in Invocations
  5123 | D:5      | HP: 14/61 [sky beast (4)]
  5126 | D:5      | HP: 4/61 [something (3)]
  5127 | D:5      | Slain by a sky beast

Vanquished Creatures
  A sky beast (D:5)
  An ogre (D:3)
  3 scorpions
  A howler monkey (D:4)
  3 hounds
  A bullfrog skeleton (D:3)
  An iguana (D:4)
  Natasha (thrice) (D:2)
  2 orc wizards (D:3)
  A hound skeleton (D:5)
  7 adders
  A worm (D:2)
  A dart slug (D:2)
  4 orcs
  8 endoplasms
  5 giant cockroaches
  6 goblins
  7 hobgoblins
  12 jackals
  6 quokkas
  8 ball pythons
  3 bats
  4 frilled lizards
  10 kobolds
  2 quokka zombies (D:3)
  7 rats
108 creatures vanquished.

Vanquished Creatures (others)
  An orc wizard (D:3)
1 creature vanquished.

Grand Total: 109 creatures vanquished

Table legend:
 A = Non-vault XP
 B = Vault XP
 C = Vault XP percentage of total XP
 D = Non-vault monster count
 E = Vault monster count
 F = Vault count percentage of total count
                 A         B        C        D         E       F
            +---------+---------+-------+---------+---------+-------
      Total |    1149 |      37 |   3.1 |     105 |       3 |   2.8
            +---------+---------+-------+---------+---------+-------
        D:1 |      53 |       0 |   0.0 |      31 |       0 |   0.0
        D:2 |     122 |      35 |  22.3 |      22 |       1 |   4.3
        D:3 |     420 |       2 |   0.5 |      32 |       2 |   5.9
        D:4 |     226 |       0 |   0.0 |      14 |       0 |   0.0
        D:5 |     328 |       0 |   0.0 |       6 |       0 |   0.0
            +---------+---------+-------+---------+---------+-------

Illustrated notes

Table legend:
 A = Kills in this place as a percentage of kills in entire the game.
 B = Kills by you in this place as a percentage of kills by you in the entire game.
 C = Kills by friends in this place as a percentage of kills by friends in the entire game.
 D = Other kills in this place as a percentage of other kills in the entire game.
 E = Experience gained in this place as a percentage of experience gained in the entire game.
 F = Experience gained in this place divided by the number of levels of this place that you have seen.
                   A       B       C       D       E      F
               +-------+-------+-------+-------+-------+----------------------
         Total | 100.0 | 100.0 |   N/A |   N/A | 100.0 | 197.7
       Dungeon | 100.0 | 100.0 |   N/A |   N/A | 100.0 | 237.2
               +-------+-------+-------+-------+-------+----------------------

Table legend: (Time is in decaauts)
 A = Elapsed time spent in this place.
 B = Non-inter-level travel time spent in this place.
 C = Inter-level travel time spent in this place.
 D = Time resting spent in this place.
 E = Time spent auto-exploring this place.
 F = Levels seen in this place.
 G = Mean time per level.
                   A        B        C        D        E       F      G
               +--------+--------+--------+--------+--------+-----+--------+
         Total |   5247 |   4656 |    591 |   1124 |   2523 |   6 |  874.5 |
       Dungeon |   5073 |   4499 |    574 |   1124 |   2383 |   5 | 1014.6 |
        Temple |    173 |    156 |     17 |      0 |    140 |   1 |  173.0 |
               +--------+--------+--------+--------+--------+-----+--------+

Top non-repeatable levels by time:
     D:3: 1452 daAuts
     D:2: 1307 daAuts
     D:4: 1056 daAuts
     D:1: 832 daAuts
     D:5: 424 daAuts
  Temple: 173 daAuts
